 Dungeon Crawl Stone Soup version 0.29.1-12-g30fa7ad0bf (webtiles) character file.

Game seed: 15106196213624019209

15082 Amplified the Fighter (level 11, -25/103 (107) HPs)
             Began as a Minotaur Berserker on Dec 24, 2022.
             Was an Elder of Trog.
             Annihilated by Rupert
             ... wielding a +0 great sword of draining
              (33 damage)
             ... on level 12 of the Dungeon.
             The game lasted 00:15:38 (13427 turns).

Amplified the Fighter (Minotaur Berserker)         Turns: 13427, Time: 00:15:39

HP:   -25/103 (107) AC:  7    Str: 25    XL:     11   Next: 97%
MP:   10/10         EV: 13    Int:  4    God:    Trog [****..]
Gold: 670           SH:  5    Dex: 11    Spells: 10/10 levels left

rFire   . . .      SeeInvis .   C - +8 war axe of the Head {holy, Will++}
rCold   . . .      Faith    .   a - +0 buckler
rNeg    . . .      Spirit   .   d - +1 leather armour {rPois}
rPois   +          Reflect  .   (helmet restricted)
rElec   .          Harm     .   B - +0 cloak
rCorr   .          Rampage  .   o - +0 pair of gloves
Will    ++...                   (no boots)
Stlth   +.........              (no amulet)
HPRegen 0.27/turn               (no ring)
MPRegen 0.12/turn               (no ring)

@: on berserk cooldown, slowed, lightly drained, very slow
A: horns 2, retaliatory headbutt
a: Renounce Religion, Berserk, Trog's Hand, Brothers in Arms


You were on level 12 of the Dungeon.
You worshipped Trog.
Trog was greatly pleased with you.
You visited 1 branch of the dungeon, and saw 12 of its levels.

You collected 908 gold pieces.
You spent 238 gold pieces at shops.

Inventory:

Hand Weapons
 w - the +3 woodcutter's axe {vorpal}
   (You found it on level 7 of the Dungeon)

   It inflicts extra damage upon your enemies.
 C - the +8 war axe of the Head (weapon) {holy, Will++}
   (You bought it in a shop on level 8 of the Dungeon)

   It has been blessed by the Shining One to cause great damage to the undead
   and demons.
   Will:      It greatly increases your willpower.
Missiles
 b - 6 curare-tipped darts
 l - 30 poisoned darts (quivered)
 t - 2 throwing nets
Armour
 a - a +0 buckler (worn)
 d - a +1 leather armour of poison resistance (worn)
 o - a +0 pair of gloves (worn)
 v - the +4 scale mail "Kijeosyck" {rElec rPois rF- Dex-4}
   (You found it on level 7 of the Dungeon)

   Dex:       It affects your dexterity (-4).
   rF:        It makes you vulnerable to fire.
   rElec:     It insulates you from electricity.
   rPois:     It protects you from poison.
 x - the +2 leather armour of the Harvest Moon {Str+3}
   (You found it on level 7 of the Dungeon)

   Str:       It affects your strength (+3).
 B - a +0 cloak (worn)
Jewellery
 c - a ring of ice
 g - a ring of protection from fire
 r - a ring of protection from fire
Wands
 y - a wand of quicksilver (4)
 D - a wand of roots (7)
 G - a wand of paralysis (5)
Scrolls
 f - 2 scrolls of blinking
 i - 3 scrolls of teleportation
 j - 5 scrolls of immolation
 q - a scroll of fog
 u - 2 scrolls of enchant armour
Potions
 e - 2 potions of ambrosia
 h - 2 potions of magic
 k - 3 potions of lignification
 n - a potion of mutation
 p - 2 potions of heal wounds
 s - 2 potions of haste
 z - 6 potions of curing
 A - 3 potions of attraction
 E - a potion of flight {unknown}


   Skills:
 - Level 13.3 Fighting
 * Level 11.8(13.6) Axes
 - Level 11.1(13.3) Maces & Flails
 - Level 7.7 Armour
 - Level 7.0 Dodging
 * Level 4.7 Shields


You had 10 spell levels left.
You didn't know any spells.
Your spell library was empty.

Dungeon Overview and Level Annotations

Branches:
Dungeon (12/15)            Temple (0/1) D:7            Lair (0/5) D:10
    Orc (0/2) D:11

Altars:
Ashenzari
Cheibriados
Fedhas
Kikubaaqudgha
Nemelex Xobeh
Okawaru
Qazlal
Trog
Uskayaw
Wu Jian
Xom
Zin

Shops:
D:8 (

Annotations:
D:12 Rupert, Snorg


Innate Abilities, Weirdness & Mutations

You have a pair of horns on your head.
You reflexively headbutt those who attack you in melee.


Message History

The meliai invokes the aid of its god against you.
Something smites you!
You hear an angry buzzing noise.
The meliai closely misses you. The meliai misses you.
The meliai hits you with a +0 hand axe! The meliai stings you.
You closely miss the meliai. You headbutt the meliai!
The meliai is moderately wounded.
The meliai hits you with a +0 hand axe! The meliai stings you.
A red film seems to cover your vision as you go berserk!
You feel yourself moving faster!
You feel mighty! You block the meliai's attack. The meliai stings you.
The meliai hits you with a +0 hand axe!
* * * LOW HITPOINT WARNING * * *
The meliai barely misses you.
You slice the meliai!!
You kill the meliai!
Trog accepts your kill.
A meliai comes into view. It is wielding a +0 hand axe.
Items here: ) ? [ †.
You closely miss the meliai. The meliai barely misses you. x2
You closely miss the meliai. You headbutt the meliai!
The meliai is heavily wounded.
You block the meliai's attack. The meliai barely misses you.
You slice the meliai!!
You kill the meliai!
Trog accepts your kill.
You feel a strong urge to attack something.
You feel your anger nearly subside.
You are no longer berserk.
You are exhausted.
You feel yourself slow down.
Rupert the Wild comes into view.
He is wielding a +0 great sword of draining.
Rupert shouts!
Rupert roars madly and goes into a rage!
Rupert goes berserk!
Rupert hits you with a +0 great sword of draining!!
* * * LOW HITPOINT WARNING * * *
You feel drained.
* * * LOW HITPOINT WARNING * * *
Rupert hits you with a +0 great sword of draining!!
You die...

### #.. #.#
########.#
#....y....
#########.#.##.#.#
#.......))#.##.#.#
#.#######...##.#..
#@# #.####.##. #@#
#.. ..##. #.# ####
####. #.. #. ###
.. .. .. #.#


You could see Rupert (berserk).

Vanquished Creatures
  A centaur warrior (D:9)
  Sonja (D:10)
  A deep elf pyromancer (D:7)
  A manticore (D:11)
  Maurice (D:9)
  A gargoyle (D:10)
  Psyche (D:8)
  An unseen horror (D:11)
  A kobold demonologist (D:7)
  2 meliai (D:12)
  A troll (D:10)
  3 hornets
  A slime creature (D:7)
  2 shadows
  A vampire (D:9)
  2 wyverns (D:7)
  A wraith (D:7)
  25 yaks
  7 vampire mosquitoes
  2 wargs (D:10)
  A water moccasin (D:7)
  2 orc warriors
  3 ice beasts
  4 sky beasts
  An ogre (D:7)
  3 centaurs
  2 phantoms (D:11)
  3 kobold brigands
  2 bullfrogs
  2 gnoll sergeants
  2 scorpions
  6 wights
  A troll zombie (D:11)
  8 killer bees
  7 howler monkeys
  3 hounds
  4 jellies
  A gnoll bouda (D:6)
  12 orc priests
  4 iguanas
  22 orc wizards
  5 ogre zombies (D:11)
  20 gnolls
  7 adders
  2 white imps (D:7)
  2 ufetubi
  5 dart slugs
  56 orcs
  6 endoplasms
  2 giant cockroaches
  5 goblins
  7 hobgoblins
  27 kobolds
  4 quokkas
  12 ball pythons
  7 bats
  4 frilled lizards
  4 goblin zombies (D:11)
  2 hobgoblin zombies (D:11)
  An orc skeleton (D:11)
  5 orc zombies (D:11)
  A rat (D:3)
333 creatures vanquished.

Vanquished Creatures (others)
  An orc wizard (D:5)
  A fungus (D:5)
  5 toadstools (D:5)
7 creatures vanquished.

Grand Total: 340 creatures vanquished

Notes
Turn   | Place    | Note
-------+----------+-------------------------------------------
     0 | D:1      | Amplified the Minotaur Berserker began the quest for the
                  | Orb.
     0 | D:1      | Reached XP level 1. HP: 19/19 MP: 0/0
    60 | D:1      | Reached XP level 2. HP: 27/27 MP: 1/1
   173 | D:1      | Reached skill level 4 in Fighting
  1037 | D:2      | Reached XP level 3. HP: 30/33 MP: 2/2
  1037 | D:2      | Reached ** piety under Trog
  1550 | D:3      | Reached XP level 4. HP: 23/41 MP: 3/3
  1852 | D:3      | Reached skill level 5 in Fighting
  1852 | D:3      | Reached skill level 5 in Maces & Flails
  1983 | D:3      | Found a faded altar of an unknown god.
  2001 | D:3      | Reached XP level 5. HP: 48/48 MP: 4/4
  2380 | D:3      | Reached *** piety under Trog
  3199 | D:4      | Reached XP level 6. HP: 51/57 MP: 5/5
  3478 | D:5      | Entered Level 5 of the Dungeon
  3501 | D:5      | Found a sparkling altar of Nemelex Xobeh.
  3633 | D:5      | Reached skill level 6 in Fighting
  3883 | D:5      | Found a bloodstained altar of Trog.
  3883 | D:5      | Found an iron altar of Okawaru.
  4106 | D:5      | Reached XP level 7. HP: 63/63 MP: 6/6
  4641 | D:6      | Found a snail-covered altar of Cheibriados.
  4794 | D:6      | Reached skill level 7 in Fighting
  5065 | D:6      | Reached skill level 5 in Armour
  5065 | D:6      | Reached XP level 8. HP: 73/73 MP: 7/7
  5495 | D:6      | Reached skill level 8 in Fighting
  5683 | D:6      | Reached skill level 5 in Dodging
  6331 | D:7      | Reached skill level 9 in Fighting
  6331 | D:7      | Reached XP level 9. HP: 59/83 MP: 8/8
  6596 | D:7      | Noticed a kobold demonologist
  6600 | D:7      | Noticed a hellwing
  6605 | D:7      | Noticed a hellwing
  6606 | D:7      | Killed a kobold demonologist
  6884 | D:7      | Noticed a deep elf pyromancer
  6898 | D:7      | Killed a deep elf pyromancer
  6899 | D:7      | Reached skill level 10 in Fighting
  6899 | D:7      | Reached skill level 10 in Maces & Flails
  7193 | D:7      | Paralysed by a hornet for 2 turns
  7385 | D:7      | Found the +3 woodcutter's axe {vorpal}
  7395 | D:7      | Identified the +4 scale mail "Kijeosyck" {rElec rPois rF-
                  | Dex-4}
  7654 | D:7      | Found a staircase to the Ecumenical Temple.
  7715 | D:7      | Reached XP level 10. HP: 94/94 MP: 9/9
  7815 | D:7      | Found a stormy altar of Qazlal.
  7815 | D:7      | Found an ancient bone altar of Kikubaaqudgha.
  7817 | D:7      | Found a broken altar of Ashenzari.
  7823 | D:7      | Found a glowing silver altar of Zin.
  7913 | D:7      | Identified the +2 leather armour of the Harvest Moon
                  | {Str+3}
  8340 | D:8      | Noticed Psyche
  8349 | D:8      | Killed Psyche
  8350 | D:8      | Reached skill level 11 in Fighting
  8534 | D:8      | Found an ornate altar of the Wu Jian Council.
  8576 | D:8      | Found Dihuisk's Antique Weapon Shoppe.
  8584 | D:8      | Bought a slimy war axe for 238 gold pieces
  8584 | D:8      | Identified the +8 war axe of the Head {holy, Will++} (You
                  | bought it in a shop on level 8 of the Dungeon)
  9014 | D:8      | Reached skill level 1 in Axes
  9037 | D:8      | Reached **** piety under Trog
  9471 | D:9      | Noticed Maurice
  9477 | D:9      | Killed Maurice
  9527 | D:9      | Found a hide-covered altar of Uskayaw.
  9737 | D:9      | Reached skill level 5 in Axes
  9968 | D:9      | Reached skill level 12 in Fighting
  9980 | D:9      | Reached XP level 11. HP: 48/104 MP: 10/10
 10561 | D:9      | Noticed a centaur warrior
 10571 | D:9      | Killed a centaur warrior
 10949 | D:10     | Entered Level 10 of the Dungeon
 10957 | D:10     | Found a staircase to the Lair.
 11241 | D:10     | Noticed Sonja
 11247 | D:10     | Killed Sonja
 11248 | D:10     | Reached skill level 13 in Fighting
 11248 | D:10     | Reached skill level 10 in Axes
 11742 | D:10     | Found a blossoming altar of Fedhas.
 11742 | D:10     | Found a shimmering altar of Xom.
 12204 | D:11     | Reached skill level 1 in Shields
 12244 | D:11     | Noticed a seven-headed hydra
 13236 | D:11     | Found a staircase to the Orcish Mines.
 13328 | D:12     | Noticed a two-headed ogre
 13340 | D:12     | Noticed Snorg
 13425 | D:12     | Noticed Rupert
 13427 | D:12     | Annihilated by Rupert

Illustrated notes

Levels and vault maps discovered:
D:1:      lightli_arrival_boilingwater, layout_loops_corners
D:2:      layout_basic, kennysheep_generic_room_6
D:3:      layout_basic, chequers_ecumenical_altar_island
D:4:      layout_loops_ring
D:5:      layout_basic, grunt_temple_overflow_bloody_war, amcnicky_altar_gilded,
          minmay_gold_behind_fungi
D:6:      layout_basic, kennysheep_slug_shrine
D:7:      minmay_opposing_rooms, layout_basic,
          nicolae_overflow_quartered_altars, minmay_temple_entry_arrows,
          nicolae_concentric_dashed_squares_wild, kb_rosetta
D:8:      minmay_flawed_box, layout_layer_cave, lemuel_crystal_altar,
          serial_shops, shop, uniq_psyche
D:9:      layout_cave_pods, nicolae_uskayaw_murder_on_the_dancefloor,
          billiards_dpeg, uniq_maurice
D:10:     layout_small_grid, amethyst_overflow_temple_binary,
          erik_lair_orcish_takeover, uniq_sonja
D:11:     layout_long_grid, zombieorc1_lemuel
D:12:     layout_loops_cross, minivault_10, nicolae_sif_muna_little_library,
          uniq_frances, uniq_urug, uniq_snorg, uniq_rupert

Skill      XL: |  1  2  3  4  5  6  7  8  9 10 11 |
---------------+----------------------------------+-----
Fighting       | 4 5 6 7 9 10 12 13 | 13.3
Maces & Flails | 4 5 6 7 9 10 11 | 11.1
Armour         | 3 4 5 6 7 |  7.7
Dodging        | 3 4 5 6 7 |  7.0
Axes           | 7 11 | 11.8
Shields        | 4 |  4.7

Action                   |  1- 3 |  4- 6 |  7- 9 | 10-12 || total
-------------------------+-------+-------+-------+-------++-------
Melee: Mace              |    24 |       |       |       ||    24
       Headbutt          |     8 |    25 |    34 |    61 ||   128
       Whip              |    61 |   166 |   246 |    62 ||   535
       Punch             |       |     1 |     3 |     3 ||     7
       War axe           |       |       |       |   232 ||   232
Throw: Dart              |       |       |     2 |     3 ||     5
Invok: Berserk           |     1 |     3 |    17 |    12 ||    33
       Trog's Hand       |       |     1 |     3 |     6 ||    10
Evoke: Wand              |       |       |     9 |     6 ||    15
  Use: Scroll            |     3 |     5 |     6 |    10 ||    24
       Potion            |       |       |     1 |     1 ||     2
 Stab: Sleeping          |     1 |       |       |       ||     1
       Paralysed         |       |       |       |     4 ||     4
Armor: Leather armour    |    19 |    36 |    44 |    67 ||   166
Dodge: Dodged            |    53 |    76 |   121 |   160 ||   410
Block: Buckler           |       |       |       |    17 ||    17
